 Dungeon Crawl Stone Soup version 0.30.1-11-g7821555f0a (webtiles) character file.

Game seed: 2834590190187774606

92 Wiggles the Chopper (level 4, 0/61 HPs)
             Began as a Minotaur Berserker on Dec 13, 2023.
             Was a Believer of Trog.
             Slain by Grinder (4 damage)
             ... on level 3 of the Dungeon.
             The game lasted 00:03:15 (1322 turns).

Wiggles the Chopper (Minotaur Berserker)            Turns: 1322, Time: 00:03:15

Health: 0/61       AC: 22    Str: 23    XL:     4   Next: 35%
Magic:  3/3        EV:  2    Int:  4    God:    Trog [**....]
Gold:   42         SH:  6    Dex: 10    Spells: 3/3 levels left

rFire   . . .        c - +0 war axe
rCold   . . .        f - +0 kite shield
rNeg    . . .        g - melded +0 chain mail
rPois   +            (helmet currently unavailable)
rElec   .            (cloak currently unavailable)
rCorr   .            (gloves currently unavailable)
SInv    .            h - melded +0 pair of boots
Will    .....        (no amulet)
Stlth   +            (no ring)
HPRegen 0.30/turn    (no ring)
MPRegen 0.08/turn

%: no passive effects
@: tree-form, on berserk cooldown, slowed, invisible, very slow
A: stationary, stasis, torment immunity, boosted hp, (horns 2), (retaliatory
headbutt)
a: Renounce Religion, Berserk, Trog's Hand


You were on level 3 of the Dungeon.
You worshipped Trog.
Trog was pleased with you.
You were a tree.
You visited 1 branch of the dungeon, and saw 3 of its levels.

You collected 119 gold pieces.
You spent 77 gold pieces at shops.

Inventory:

Hand Weapons
 c - a +0 war axe (weapon)
Armour
 f - a +0 kite shield (worn)
 g - a +0 chain mail (melded)
 h - a +0 pair of boots (melded)
 j - a scarf of harm
Scrolls
 d - 2 scrolls of identify {unknown}
 e - a scroll of acquirement {unknown}
 k - a scroll of immolation {unknown}
 n - a scroll of magic mapping {unknown}
 p - 2 scrolls of enchant armour {unknown}
 s - a scroll of fear {unknown}
Potions
 a - a potion of flight {unknown}
 b - a potion of invisibility
 i - a potion of berserk rage {unknown}
 l - a potion of brilliance {unknown}
 m - 2 potions of curing {unknown}
 o - 2 potions of lignification
 q - a potion of might
 r - a potion of resistance {unknown}


   Skills:
 + Level 4.5 Fighting
 + Level 4.9 Axes
 + Level 3.1 Armour
 + Level 2.7 Dodging
 + Level 0.3 Shields


You had 3 spell levels left.
You didn't know any spells.
Your spell library was empty.

Dungeon Overview and Level Annotations

Branches:
Dungeon (3/15)

Altars:
Vehumet

Shops:
D:1 (

Annotations:
D:3 Grinder


Innate Abilities, Weirdness & Mutations

You are a tree.
Your roots penetrate the ground, keeping you stationary.
You cannot be teleported.
You are immune to unholy pain and torment.
Your maximum health is greatly increased.
Your equipment is partially melded.
((You have a pair of horns on your head.))
((You reflexively headbutt those who attack you in melee.))


Message History

A red film seems to cover your vision as you go berserk!
You feel yourself moving faster!
You feel mighty!
Grinder blinks!
You closely miss the kobold.
You headbutt the kobold, but do no damage.
Grinder blinks!
You block the kobold's attack.
You barely miss the kobold. You headbutt the kobold.
You kill the kobold!
Trog accepts your kill.
Items here: ( ) [ †.
You feel a strong urge to attack something.
You are no longer berserk.
You are exhausted.
You feel yourself slow down.
Grinder blinks!
Items here: ( ) [ †.
Grinder gestures at you. Pain shoots through your body!
* * * LOW HITPOINT WARNING * * *
You slash Grinder!
Grinder is severely wounded.
You block Grinder's attack. Grinder gestures at you.
You suddenly lose the ability to move!
Grinder gestures at you. Pain shoots through your body!
* * * LOW HITPOINT WARNING * * *
Grinder hits you.
* * * LOW HITPOINT WARNING * * *
Grinder hits you but does no damage.
You can move again.
It was a potion of invisibility.
You fade into invisibility!
Grinder gestures at you.
You shrug off the repeated paralysis!
It was a potion of lignification.
You turn into a tree.
Your +0 pair of boots melds into your body.
Your +0 chain mail melds into your body.
Your roots penetrate the ground.
Grinder hits you.
* * * LOW HITPOINT WARNING * * *
You writhe in agony.
You die...

#########
#.......###
#.........#########
#..................
#.♣5........#######
##..........#
#)##.......#
#.#####....# #..#
#....# #.## #....#
.. #....# ...
###### ...[


You could see Grinder (unable to see you).

Vanquished Creatures
  3 adders
  2 worms
  2 dart slugs (D:2)
  An orc (D:3)
  7 bats
  An endoplasm (D:2)
  3 giant cockroaches
  4 goblins
  6 hobgoblins
  6 kobolds
  3 quokkas (D:1)
  4 ball pythons
  2 frilled lizards
  6 rats
50 creatures vanquished.

Notes
Turn   | Place    | Note
-------+----------+-------------------------------------------
     0 | D:1      | Wiggles the Minotaur Berserker began the quest for the Orb.
     0 | D:1      | Reached XP level 1. HP: 19/19 MP: 0/0
   155 | D:1      | Reached XP level 2. HP: 27/27 MP: 1/1
   189 | D:1      | Found Zinuv's Antique Weapon Shop.
   482 | D:2      | Found a faded altar of an unknown god.
   531 | D:2      | Found a radiant altar of Vehumet.
   544 | D:2      | Reached ** piety under Trog
   545 | D:2      | Reached XP level 3. HP: 31/33 MP: 2/2
   657 | D:1      | Bought a war axe for 77 gold pieces
  1076 | D:3      | Reached XP level 4. HP: 41/41 MP: 3/3
  1299 | D:3      | Noticed Grinder
  1301 | D:3      | Paralysed by Grinder for 3 turns
  1317 | D:3      | Paralysed by Grinder for 5 turns
  1322 | D:3      | Slain by Grinder

Illustrated notes

Levels and vault maps discovered:
D:1:      lordsloth_arrival_two_stooges, layout_rooms, serial_shops,
          nicolae_shop_crystal, hangedman_decor_clover_reticule
D:2:      layout_basic, basic_altar, ebering_ecumenical_altar_rust
D:3:      layout_basic, kennysheep_path_1, uniq_grinder

Skill      XL: |  1  2  3 |
---------------+----------+-----
Axes           | 4 |  4.9
Fighting       | 4 |  4.5
Armour         | 3 |  3.1
Dodging        | |  2.7
Shields        | |  0.3

Action                     |  1- 3 |  4- 6 || total
---------------------------+-------+-------++-------
  Melee: Hand axe          |    60 |       ||    60
         Headbutt          |    10 |     7 ||    17
         War axe           |    26 |    26 ||    52
 Invoke: Berserk           |       |     1 ||     1
    Use: Potion            |       |     2 ||     2
 Armour: Leather armour    |    11 |       ||    11
         Animal skin       |     2 |       ||     2
         Chain mail        |    33 |    10 ||    43
  Dodge: Dodged            |    40 |     7 ||    47
  Block: Kite shield       |    15 |     7 ||    22
